 Dungeon Crawl Stone Soup version 0.23.2-40-g277498a001 (webtiles) character file.

Game seed: 10295341671111711040

165 Descartes the Shield-Bearer (level 5, -9/42 HPs)
             Began as a Formicid Fighter on Aug 24, 2019.
             Killed by divine providence
             ... invoked by an orc priest
              (16 damage)
             ... on level 4 of the Dungeon.
             The game lasted 00:04:42 (2950 turns).

Descartes the Shield-Bearer (Formicid Fighter)      Turns: 2950, Time: 00:04:43

Health: -9/42      AC:  7    Str: 21    XL:     5   Next: 75%
Magic:  5/5        EV:  9    Int:  7    God:
Gold:   127        SH:  0    Dex: 11    Spells: 4/4 levels left

rFire    x . .     SeeInvis +   a - +0 war axe
rCold    + . .     Gourm    .   c - +0 shield
rNeg     . . .     Faith    .   b - +0 scale mail
rPois    .         Spirit   .   (helmet unavailable)
rElec    .         Reflect  .   (no cloak)
rCorr    +         Harm     .   (no gloves)
MR       .....                  (no boots)
Stlth    ..........             (no amulet)
HPRegen  0.14/turn              h - ring of resist corrosion
MPRegen  0.09/turn              m - ring of ice

@: confused
A: permanent stasis, dig shafts and tunnels, four strong arms, antennae 3
a: Dig, Shaft Self


You were on level 4 of the Dungeon.
You were not hungry.

You visited 1 branch of the dungeon, and saw 4 of its levels.

You collected 127 gold pieces.

Inventory:

Hand Weapons
 a - a +0 war axe (weapon)
Missiles
 e - 26 poisoned needles
 k - 80 arrows
 n - 82 stones (quivered)
 o - 5 tomahawks
Armour
 b - a +0 scale mail (worn)
 c - a +0 shield (worn)
Jewellery
 h - a ring of resist corrosion (left hand)
 m - a ring of ice (right hand)
 u - a +6 amulet of reflection {unknown}
Scrolls
 d - 2 scrolls of remove curse {unknown}
 g - 3 scrolls of identify {unknown}
 j - a scroll of amnesia {unknown}
 p - a scroll of enchant armour {unknown}
 t - a scroll of magic mapping {unknown}
Potions
 i - 2 potions of ambrosia {unknown}
 l - a potion of curing {unknown}
 q - 2 potions of heal wounds {unknown}
 r - a potion of berserk rage {unknown}
 s - a potion of haste {unknown}
Comestibles
 f - 7 rations
 v - 5 chunks of flesh


   Skills:
 + Level 4.0 Fighting
 + Level 2.7 Axes
 + Level 3.9 Armour
 + Level 1.5 Dodging
 * Level 5.1 Shields


You had 4 spell levels left.
You didn't know any spells.
Your spell library was empty.

Dungeon Overview and Level Annotations

Branches:
Dungeon (4/15)
 Temple: D:4-7

Altars:
Elyvilon
Sif Muna


Innate Abilities, Weirdness & Mutations

You cannot be hasted, slowed, berserked, paralysed or teleported.
You can dig through walls and to a lower floor.
Your four strong arms can wield two-handed weapons with a shield.
You have a pair of large antennae on your head. (SInv)


Message History

The orc priest hits you but does no damage.
The orc misses you. The orc wizard casts a spell at you.
The magic dart hits you. The orc hits you but does no damage.
The orc hits you with a +0 hand axe. The orc closely misses you.
There is a stone staircase leading up here.
You hit the orc priest.
The orc priest is heavily wounded.
Your shield and scale mail prevent you from hitting the orc.
You hit the orc. The orc priest hits you with a +0 whip.
The orc hits you with a +0 whip.
* * * LOW HITPOINT WARNING * * *
The orc hits you but does no damage. The orc priest hits you with a +0 whip.
* * * LOW HITPOINT WARNING * * *
The orc hits you with a +0 whip.
* * * LOW HITPOINT WARNING * * *
The orc completely misses you.
The orc priest invokes the aid of Beogh against you.
Beogh smites you!
You die...

.. ##.###### .
#.......# .
#.......#
#.#.......#
#.#.#.......##.
.............
#.oo.....##
#.@oo.....#
####.......
.###).# .. .
.#. .#.# .. .
## ..


You could see an orc priest, an orc wizard (invisible) and 2 orcs.

Vanquished Creatures
  5 adders
  5 oozes
  4 worms
  3 dart slugs (D:2)
  A leopard gecko (D:1)
  An orc (D:3)
  A ball python (D:1)
  11 giant cockroaches
  12 goblins
  4 hobgoblins
  11 jackals
  A quokka (D:2)
  2 bats (D:2)
  4 frilled lizards
  6 kobolds
  7 rats
78 creatures vanquished.

Notes
Turn   | Place    | Note
-------+----------+-------------------------------------------
     0 | D:1      | Descartes the Formicid Fighter began the quest for the Orb.
     0 | D:1      | Reached XP level 1. HP: 18/18 MP: 1/1
     1 | D:1      | Found a runed translucent door.
     7 | D:1      | Reached XP level 2. HP: 24/24 MP: 2/2
    14 | D:1      | Reached skill level 4 in Shields
    16 | D:1      | Reached XP level 3. HP: 26/29 MP: 3/3
   539 | D:1      | Reached XP level 4. HP: 37/37 MP: 4/4
   809 | D:1      | Reached skill level 1 in Dodging
  1431 | D:2      | Reached XP level 5. HP: 39/42 MP: 5/5
  1592 | D:2      | Found a deep blue altar of Sif Muna.
  2487 | D:3      | Reached skill level 5 in Shields
  2718 | D:3      | Found a white marble altar of Elyvilon.
  2950 | D:4      | Killed from afar by an orc priest

Skill      XL: |  1  2  3  4  5 |
---------------+----------------+-----
Shields        | 4 5 |  5.1
Dodging        | 1 |  1.5
Fighting       | 4 |  4.0
Axes           | |  2.7
Armour         | |  3.9

Action                   |  1- 3 |  4- 6 || total
-------------------------+-------+-------++-------
Melee: War axe           |    56 |   177 ||   233
  Use: Potion            |     1 |       ||     1
  Eat: Chunk             |       |     7 ||     7
Armor: Scale mail        |    20 |    74 ||    94
Dodge: Dodged            |    17 |    74 ||    91
Block: Shield            |    29 |    86 ||   115
